AoeStats
← Master

Yucatan

510316448Analyzed
4v4 RM · 2d ago on Sep 30, 2026· 58m 23s· 8 players
Game mode
Random Map
Map size
Large (8 player)
Population
200
Speed
Normal
Resources
Standard
Victory
Conquest
Starting age
Dark Age
Ending age
Imperial Age
RankedLock teamsTeams togetherTeam positionsShared explorationLock speedFull tech treeHidden civsTurbo modeCheats
Victory
Defeat
🇨🇱 Cumans · Chile
1002
+17
🇨🇳 Danes · China
956
+19
🇮🇳 Saxons · India
904
+20
🇹🇷 Varangians · Türkiye
902
+20
🇨🇳 Mongols · China
1262
-28
🇹🇼 Portuguese · Taiwan
1037
-20
🇹🇼 Danes · Taiwan
985
-18
🇨🇳 Teutons · China
791
-10
GL.DuaT
12:22 Feudal Age
19:17 Castle Age
18:16 Double-Bit Axe
18:35 Gold Mining
22:16 Gold Shaft Mining
22:21 Loom
23:36 Horse Collar
25:08 Wheelbarrow
24:44 Squires
24:55 Forging
25:58 Bow Saw
27:16 Pikeman
29:42 Arson
31:07 Scale Mail Armor
31:42 Iron Casting
35:29 Imperial Age
33:16 Hand Cart
32:57 Stone Mining
34:15 Stone Shaft Mining
33:44 Heavy Plow
33:41 Gambesons
35:39 Capped Ram
37:19 Murder Holes
37:37 Masonry
37:15 Elite Varangian Guard
38:14 Chain Mail Armor
43:29 Plate Mail Armor
44:12 Blast Furnace
43:11 Halberdier
CNZS_溪超
10:35 Feudal Age
9:15 Loom
11:29 Loom
14:46 Castle Age
14:09 Fletching
14:48 Double-Bit Axe
14:56 Gold Mining
27:30 Horse Collar
32:39 Bodkin Arrow
32:44 Padded Archer Armor
33:04 Bloodlines
32:55 Husbandry
33:23 Husbandry
35:32 Wheelbarrow
36:58 Bow Saw
45:31 Hand Cart
45:23 Heavy Plow
45:21 Light Cavalry
48:55 Leather Archer Armor
48:59 Town Watch
53:32 Imperial Age
51:05 Stone Mining
52:31 Ballistics
52:22 Masonry
54:47 Bracer
55:50 Chemistry
55:29 Conscription
58:38 Murder Holes
AZ
3:36 Loom
12:59 Feudal Age
13:44 Double-Bit Axe
19:15 Castle Age
17:50 Gold Mining
17:54 Stone Mining
17:53 Horse Collar
18:52 Fletching
20:27 Bow Saw
32:50 Wheelbarrow
37:09 Imperial Age
35:28 Stone Shaft Mining
34:56 Heavy Plow
35:08 Thumb Ring
35:06 Padded Archer Armor
35:10 Crossbowman
36:29 Leather Archer Armor
36:51 Ballistics
37:04 Bodkin Arrow
43:25 Bracer
46:12 Chemistry
Daemon Targaryen
0:58 Loom
11:14 Feudal Age
11:53 Double-Bit Axe
12:03 Gold Mining
14:07 Wheelbarrow
20:27 Castle Age
21:23 Pikeman
23:02 Stone Mining
23:38 Horse Collar
26:50 Hand Cart
27:37 Stone Shaft Mining
29:31 Heavy Plow
30:33 Bow Saw
38:26 Imperial Age
38:44 Scale Mail Armor
38:58 Forging
39:20 Cavalier
44:26 Halberdier
45:28 Heavy Scorpion
47:46 Paladin
51:17 Chain Mail Armor
51:37 Iron Casting
53:57 Scale Barding Armor
54:30 Iron Casting
56:29 Chain Barding Armor
KEVINLUCIANO631
7:04 Loom
10:20 Feudal Age
12:59 Double-Bit Axe
16:06 Horse Collar
23:06 Castle Age
21:49 Wheelbarrow
20:59 Town Watch
23:31 Scale Barding Armor
23:40 Forging
24:02 Bloodlines
23:59 Light Cavalry
26:28 Iron Casting
31:08 Imperial Age
34:53 Capped Ram
34:58 Hussar
38:19 Blast Furnace
37:24 Steppe Husbandry
38:40 Siege Ram
39:21 Elite Steppe Lancer
46:07 Chain Barding Armor
50:32 Stone Mining
53:34 Scale Mail Armor
54:12 Plate Barding Armor
54:55 Cuman Mercenaries
55:49 Cavalier
BalabanPasa
7:15 Loom
10:19 Feudal Age
13:57 Wheelbarrow
14:36 Bloodlines
15:43 Double-Bit Axe
21:14 Castle Age
30:09 Murder Holes
30:40 Ballistics
33:24 Horse Collar
35:41 Heavy Plow
37:39 Hand Cart
38:43 Elite Skirmisher
42:05 Bow Saw
43:01 Fletching
46:21 Imperial Age
45:06 Bodkin Arrow
45:12 Padded Archer Armor
47:27 Gold Mining
47:28 Stone Mining
48:50 Two-Man Saw
49:11 Bracer
53:11 Chemistry
52:12 Elite Jarl
54:16 Forging
54:13 Scale Barding Armor
54:32 Conscription
55:02 Crop Rotation
55:39 Gothikon
59:33 Iron Casting
59:19 Chain Barding Armor
Master
12:12 Feudal Age
10:29 Loom
17:24 Castle Age
15:31 Double-Bit Axe
18:22 Scale Barding Armor
18:27 Forging
19:27 Chain Barding Armor
19:49 Bow Saw
19:24 Light Cavalry
20:52 Iron Casting
21:48 Bloodlines
23:14 Horse Collar
26:41 Gold Mining
29:21 Heavy Plow
34:11 Wheelbarrow
34:32 Gold Shaft Mining
37:05 Imperial Age
34:22 Town Watch
34:38 Scale Mail Armor
35:37 Chain Mail Armor
35:26 Town Patrol
36:15 Hand Cart
37:24 Elite Hearth Troop
38:25 Conscription
38:58 Plate Mail Armor
38:14 Capped Ram
40:31 Two-Man Saw
39:10 Siege Ram
40:31 Crop Rotation
40:54 Stone Mining
41:02 Shield Wall
42:56 Squires
42:42 Arson
42:43 Gambesons
43:58 Elite Varangian Guard
46:44 Fletching
48:10 Hoardings
47:34 Bodkin Arrow
56:27 Bracer
potatoes
11:56 Feudal Age
16:20 Loom
16:29 Town Watch
19:49 Castle Age
18:53 Double-Bit Axe
18:53 Horse Collar
26:29 Bow Saw
26:22 Heavy Plow
35:02 Imperial Age
32:33 Town Patrol
33:08 Wheelbarrow
32:19 Loom
33:10 Gold Mining
33:10 Stone Mining
33:23 Scale Mail Armor
33:33 Forging
33:13 Fletching
33:47 Ballistics
33:38 Masonry
33:49 Ballistics
34:19 Gambesons
34:20 Arson
34:35 Squires
36:00 Elite Varangian Guard
36:56 Onager
41:05 Siege Onager
44:26 Chain Mail Armor
44:47 Iron Casting
44:07 Bodkin Arrow
49:01 Plate Mail Armor
49:32 Blast Furnace
48:32 Bracer
49:37 Chemistry
48:43 Siege Engineers
51:09 Capped Ram
52:14 Hamask
52:15 Northmen's Fury
53:15 Conscription
56:48 Elite Jomsviking
Connection lost

Rejoining the realm…

Still unreachable

The connection could not be restored.

Session expired

The server has moved on; the page needs a fresh start.